 Dungeon Crawl Stone Soup version 0.31-a0-986-g5e6e4ef867 (webtiles) character file.

Game seed: 10794540189603824200

25118 Whiskey the Mimic (level 12, -8/118 HPs)
             Began as a Troll Shapeshifter on Nov 5, 2023.
             Was a Priest of Qazlal.
             Killed from afar by a swamp worm (14 damage)
             ... with a harpoon shot
             ... on level 3 of the Lair of Beasts.
             The game lasted 00:38:09 (13246 turns).

Whiskey the Mimic (Troll Shapeshifter)             Turns: 13246, Time: 00:38:09

Health: -8/118     AC: 10    Str: 25    XL:     12   Next: 86%
Magic:  16/16      EV:  6    Int: 10    God:    Qazlal [***...]
Gold:   814        SH:  0    Dex: 12    Spells: 11/11 levels left

rFire   + +          .
                       - Unarmed
rCold   + . .        (shield currently unavailable)
rNeg    . . .        u - +1 robe "Guyng" {rF+ Dex+3 Archmagi}
rPois   +            (helmet restricted)
rElec   +            b - +2 cloak
rCorr   +            (gloves unavailable)
SInv    .            (boots unavailable)
Will    .....        a - amulet of reflection
Stlth   +            K - +4 ring of protection
HPRegen 1.19/turn    T - ring of poison resistance {rPois, !d}
MPRegen 0.15/turn

%: reflection, archmagi
@: blade hands, resistant, held
A: large, unfitting armour, (claws 3), regeneration 1, shaggy fur 1, tough skin
1
a: Begin Untransformation, Renounce Religion, Upheaval, Elemental Force


You were on level 3 of the Lair of Beasts.
You worshipped Qazlal.
Qazlal was most pleased with you.
You had blades for hands.
You visited 4 branches of the dungeon, and saw 17 of its levels.
You also visited: Ossuary.

You collected 814 gold pieces.

Inventory:

Missiles
 g - 2 curare-tipped darts
 S - 15 poisoned darts
Armour
 b - a +2 cloak (worn)
   (You found it on level 1 of the Lair of Beasts)
 c - a +0 robe
   (You took it off a naga on level 3 of the Lair of Beasts)
 u - the +1 robe "Guyng" (worn) {rF+ Dex+3 Archmagi}
   (You found it on level 4 of the Dungeon)

   Dex+3:     It affects your dexterity (+3).
   rF+:       It protects you from fire.
   Archmagi:  It increases the power of your magical spells.
Jewellery
 a - an amulet of reflection (around neck)
   (You found it on level 3 of the Lair of Beasts)
 m - a ring of see invisible {sInv, !d}
   (You found it on level 2 of the Dungeon)
 r - a ring of positive energy {rN+}
   (You found it on level 3 of the Dungeon)
 s - a +4 ring of slaying
   (You took it off a kobold brigand on level 7 of the Dungeon)
 t - a ring of resist corrosion
   (You found it on level 3 of the Dungeon)
 D - an amulet of guardian spirit {Spirit}
   (You found it on level 5 of the Dungeon)
 J - a ring of willpower
   (You found it in an ossuary)
 K - a +4 ring of protection (left blade hand)
   (You found it in an ossuary)
 Q - a ring of protection from fire {rF+, !d}
   (You found it on level 8 of the Dungeon)
 T - a ring of poison resistance (right blade hand) {rPois, !d}
   (You found it on level 6 of the Dungeon)
 V - a ring of protection from fire {rF+, !d}
   (You found it on level 9 of the Dungeon)
Talismans
 d - a flux talisman
 l - a blade talisman (active)
   (You found it on level 3 of the Lair of Beasts)
Wands
 k - a wand of polymorph (19)
   (You took it off a goblin on level 2 of the Dungeon)
 q - a wand of mindburst (11)
   (You took it off Ijyb on level 3 of the Dungeon)
 C - a wand of flame (21)
   (You took it off Blork the orc on level 5 of the Dungeon)
 P - a wand of quicksilver (14)
   (You found it on level 7 of the Dungeon)
 R - a wand of charming (22)
   (You found it on level 5 of the Dungeon)
 Z - a wand of iceblast (18)
   (You took it off Erica on level 10 of the Dungeon)
Scrolls
 f - 4 scrolls of identify
 h - 2 scrolls of vulnerability {unknown}
 j - 2 scrolls of fog
 o - 4 scrolls of teleportation
 w - 2 scrolls of amnesia
 x - a scroll of brand weapon {unknown}
 F - 3 scrolls of silence
 G - a scroll of enchant armour {unknown}
 H - 2 scrolls of blinking {!r}
 I - a scroll of fear {unknown}
 M - 2 scrolls of poison
 O - a scroll of enchant weapon {unknown}
Potions
 e - 6 potions of curing
 i - 4 potions of heal wounds
 p - 2 potions of magic
 v - a potion of cancellation {unknown}
 z - a potion of attraction {unknown}
 A - 7 potions of might
 B - a potion of resistance
 E - a potion of experience {unknown}
 N - 2 potions of ambrosia
 U - a potion of haste {unknown}
 W - 2 potions of enlightenment {unknown}
 Y - a potion of brilliance {unknown}


   Skills:
 - Level 7.6 Fighting
 - Level 4.0 Dodging
 + Level 10.7 Unarmed Combat
 * Level 7.2 Invocations
 * Level 13.8 Shapeshifting


You had 11 spell levels left.
You didn't know any spells.
Your spell library contained the following spells:

 Spells                   Type           Power      Damage    Failure   Level
 Call Canine Familiar     Summ           0%         N/A       75%         3
 Dazzling Flash           Conj/Hex       0%         N/A       75%         3
 Sigil of Binding         Hex            0%         N/A       75%         3
 Volatile Blastmotes      Fire/Tloc      0%         2d10      75%         3
 Animate Dead             Necr           0%         N/A       98%         4
 Dimensional Bullseye     Hex/Tloc       0%         N/A       98%         4
 Leda's Liquefaction      Hex/Erth       0%         N/A       98%         4
 Borgnjor's Vile Clutch   Necr/Erth      0%         N/A       100%        5
 Death Channel            Necr           0%         N/A       100%        6
 Starburst                Conj/Fire      0%         6d3       100%        6
 Maxwell's Capacitive Co  Air            0%         ∞         100%        8


Dungeon Overview and Level Annotations

Branches:
Dungeon (10/15)            Temple (1/1) D:5            Lair (4/5) D:8
  Swamp (0/4) Lair:2        Snake (0/4) Lair:3          Orc (2/2) D:10
Ossuary (visited)
  Slime: Lair:4-5       Elf: Orc:2

Altars:
Ashenzari
Cheibriados
Dithmenos
Elyvilon
Fedhas
Gozag
Hepliaklqana
Kikubaaqudgha
Makhleb
Nemelex Xobeh
Okawaru
Qazlal
Ru
Sif Muna
Trog
Uskayaw
Vehumet
Wu Jian
Xom
Yredelemnul
Zin
The Shining One

Shops:
D:5 [*[   D:9 !   D:10 =

Annotations:
D:9 timneilson's ghost, journeyman OpSh
Lair:3 1 transporter


Innate Abilities, Weirdness & Mutations

You have blades for hands.
You are incapable of wielding weapons or throwing items.
You are too large for most types of armour.
((You have claws for hands.))
Your natural rate of healing is unusually fast.
You are covered in fur. (AC +1)
You have tough skin. (AC +1)


Message History

No target in view!
No target in view!
No target in view!
No target in view!
No target in view!
You see here a basilisk corpse.
You see here a +0 falchion.
You see here 5 stones.
You see here 6 stones.
A swamp worm comes into view.
You slice the swamp worm!! The swamp worm barely misses you.
You closely miss the swamp worm. The swamp worm misses you.
You hit the swamp worm. You block the swamp worm's attack.
You hit the swamp worm. The swamp worm barely misses you.
You hit the swamp worm.
You kill the swamp worm!
Qazlal accepts your kill.
No reachable target in view!
No reachable target in view!
No reachable target in view!
No reachable target in view!
No reachable target in view!
No reachable target in view!
No reachable target in view!
No reachable target in view!
No reachable target in view!
You see here a swamp worm corpse.
You enter the shallow water.
You enter the shallow water.
You pick up a book of Spectacle and begin reading...
You add the spells Volatile Blastmotes, Dazzling Flash, Starburst and Maxwell's Capacitive Coupling to your library.
You enter the shallow water.
You hear a loud, deep croak!
A cane toad comes into view.
You block the cane toad's attack.
You shred the cane toad!!!
You kill the cane toad!
Qazlal accepts your kill.
No target in view!
No target in view!
No target in view!
No target in view!
No target in view!
No target in view!
No target in view!
No target in view!
No target in view!
No target in view!
You see here a potion of degeneration {!q}.
There is a stone staircase leading down here.
Partly explored, unvisited transporter and can't reach some places.
Partly explored, unvisited transporter and can't reach some places.
There is a stone staircase leading down here.
Okay, then.
Okay, then.
Okay, then.
There is a transporter here.
You feel protected.
You enter the transporter and appear at another place.
The swamp worm fires a harpoon shot at you.
The harpoon shot hits you.
You are yanked forward by the harpoon shot.
You collide with the briar patch!
You take 21 damage, and have 97/118 hp.
You become entangled in the net!
The swamp worm fires a harpoon shot at you.
The harpoon shot hits you!
You are yanked forward by the harpoon shot.
You collide with the briar patch!
You become entangled in the net!
There is a net trap here.
You see here a throwing net {=f, !d}.
You take 13 damage, and have 84/118 hp.
You struggle against the net.
The swamp worm fires a harpoon shot at you.
The harpoon shot hits you!
You are yanked forward by the harpoon shot.
You collide with the briar patch!
You take 19 damage, and have 65/118 hp.
You struggle against the net.
The swamp worm fires a harpoon shot at you.
The harpoon shot hits you!
You are yanked forward by the harpoon shot.
You collide with the briar patch!
* * * LOW HITPOINT WARNING * * *
The swamp worm fires a harpoon shot at you.
The harpoon shot hits you.
* * * LOW HITPOINT WARNING * * *
You are yanked forward by the harpoon shot.
You collide with the briar patch!
You tear a large gash into the net.
The swamp worm fires a harpoon shot at you.
The harpoon shot hits you!
* * * LOW HITPOINT WARNING * * *
You are yanked forward by the harpoon shot.
You collide with the briar patch!
The briar patch is destroyed!
* * * LOW HITPOINT WARNING * * *
The swamp worm fires a harpoon shot at you.
The harpoon shot hits you!
You die...

...#.# #....#"©[#......# ### #
.8.'.# ##....#$[)#......###.####
...### #...####+####....##....#P
.....# ##..#w≈P§P≈##............
#.##.# #...##≈P^P§w#............
#.#########.#♣≈P^§###...#.###...P
#.##.P.P.#..###○^P≈♣#....## #....
#...........#w≈.○P≈##....# #...#
.........P..##≈P@P≈w#.#.## #..!#
#....(......#♣≈P^P≈##...# #...#
#..).(P.....###P©P###.### ##...#
#..(.((.......#####....# ##.....
......(.........©.....#####.....#
.#.#...........>.................
####..............####P..........
##..###...#..#†.# ##...#..####
###...# ########..# #..##### #


You could see 4 swamp worms.

Vanquished Creatures
  An eleionoma (Lair:2)
  Josephine (D:9)
  Fannar (D:10)
  Erica (D:10)
  2 two-headed ogres
  Pikel (D:6)
  A salamander (Lair:3)
  4 elephants (Lair:3)
  A black mamba (Lair:1)
  3 cane toads (Lair:3)
  Jeremiah (D:6)
  3 komodo dragons
  4 rime drakes
  Psyche (D:10)
  2 hornets
  Grinder (D:5)
  11 blink frogs
  A shadow (D:9)
  22 yaks
  A human (D:3)
  4 wyverns
  Eustachio (D:5)
  6 wraiths
  3 steam dragons
  3 basilisks
  Edmund (D:5)
  2 nagas (Lair:3)
  2 swamp worms (Lair:3)
  6 water moccasins
  An ice beast (D:7)
  A sky beast (D:8)
  11 orc warriors
  3 black bears
  6 ogres
  5 wolves
  4 centaurs
  A lemure (D:6)
  2 phantoms
  2 kobold brigands
  9 scorpions
  Blork the orc (D:5)
  7 bullfrogs
  2 gnoll sergeants
  4 killer bees (D:7)
  3 electric eels
  10 howler monkeys
  A hound (D:7)
  A jelly (D:5)
  A human zombie (Ossuary)
  9 orc priests
  2 sleepcaps
  4 iguanas
  5 scorpion zombies (Ossuary)
  Ijyb (D:3)
  10 orc wizards
  The ghost of meiscool the Shield-Bearer, a weakling GrFi (D:3)
  3 mummies (Ossuary)
  9 gnolls
  6 adders
  2 white imps
  2 worms
  3 dart slugs
  41 orcs
  6 endoplasms
  3 giant cockroaches
  4 goblins
  4 hobgoblins
  5 quokkas
  10 ball pythons
  5 bats
  6 frilled lizards
  2 gnoll zombies (Ossuary)
  2 goblin zombies (Ossuary)
  2 jackal skeletons (D:3)
  10 kobolds
  4 kobold zombies (Ossuary)
  5 orc zombies (Ossuary)
  2 quokka zombies (D:5)
  9 rats
343 creatures vanquished.

Notes
Turn   | Place    | Note
-------+----------+-------------------------------------------
     0 | D:1      | Whiskey the Troll Shapeshifter began the quest for the Orb.
     0 | D:1      | Reached XP level 1. HP: 18/18 MP: 0/0
   320 | D:1      | Reached skill level 1 in Fighting
   326 | D:1      | Reached XP level 2. HP: 26/27 MP: 1/1
   890 | D:2      | Reached XP level 3. HP: 33/33 MP: 2/2
  1419 | D:3      | Found a faded altar of an unknown god.
  1569 | D:3      | Found a runed translucent door.
  1569 | D:3      | Noticed a human
  1593 | D:3      | Found a basalt altar of Yredelemnul.
  1748 | D:3      | Killed a human
  1749 | D:3      | Reached skill level 2 in Fighting
  1749 | D:3      | Reached skill level 4 in Unarmed Combat
  1749 | D:3      | Reached skill level 4 in Shapeshifting
  1749 | D:3      | Reached XP level 4. HP: 31/42 MP: 3/3
  1749 | D:3      | Reached XP level 5. HP: 37/49 MP: 4/4
  1933 | D:3      | Found a hazy altar of Hepliaklqana.
  1993 | D:3      | Noticed Ijyb
  2005 | D:3      | Killed Ijyb
  2006 | D:3      | Reached XP level 6. HP: 53/59 MP: 5/5
  2043 | D:3      | Found a faded altar of an unknown god.
  2047 | D:3      | Found a blossoming altar of Fedhas.
  2084 | D:3      | Found a sacrificial altar of Ru.
  2112 | D:3      | Found a runed translucent door.
  2117 | D:3      | Noticed meiscool's ghost (weakling GrFi)
  2347 | D:3      | Killed meiscool's ghost
  2438 | D:4      | Reached skill level 5 in Shapeshifting
  2575 | D:4      | Identified the +1 robe "Guyng" {rF+ Dex+3 Archmagi}
  2627 | D:4      | Noticed a wyvern
  2634 | D:4      | Killed a wyvern
  2635 | D:4      | Reached skill level 3 in Fighting
  2635 | D:4      | Reached XP level 7. HP: 48/67 MP: 6/6
  3099 | D:5      | Entered Level 5 of the Dungeon
  3101 | D:5      | Noticed Blork the orc
  3117 | D:5      | Reached skill level 5 in Unarmed Combat
  3133 | D:5      | Noticed Edmund
  3144 | D:5      | Killed Edmund
  3145 | D:5      | Reached skill level 6 in Shapeshifting
  3201 | D:5      | Found an opulent altar of Gozag.
  3294 | D:5      | Killed Blork the orc
  3313 | D:5      | Found Qurghiw's Assorted Antiques.
  3314 | D:5      | Found Elusen's Armour Boutique.
  3316 | D:5      | Found Pyjeot's Antique Armour Emporium.
  3355 | D:5      | Noticed Grinder
  3376 | D:5      | Killed Grinder
  3377 | D:5      | Reached XP level 8. HP: 62/78 MP: 7/7
  3525 | D:5      | Found a sand-covered staircase.
  3532 | Ossuary  | Entered an ossuary
  3550 | Ossuary  | Reached skill level 4 in Fighting
  3550 | Ossuary  | Reached skill level 7 in Shapeshifting
  3653 | Ossuary  | Reached skill level 6 in Unarmed Combat
  3851 | Ossuary  | Reached skill level 8 in Shapeshifting
  4093 | D:5      | Reached XP level 9. HP: 85/85 MP: 8/8
  4211 | D:5      | Found a bloodstained altar of Trog.
  4212 | D:5      | Found a staircase to the Ecumenical Temple.
  4292 | Temple   | Entered the Ecumenical Temple
  4336 | D:5      | Reached skill level 5 in Fighting
  4545 | D:5      | Noticed Eustachio
  4548 | D:5      | Killed Eustachio
  4896 | D:6      | Reached skill level 7 in Unarmed Combat
  4923 | D:6      | Noticed Jeremiah
  4949 | D:6      | Killed Jeremiah
  4950 | D:6      | Reached skill level 9 in Shapeshifting
  5088 | D:6      | Found an iron altar of Okawaru.
  5130 | D:6      | Noticed a two-headed ogre
  5142 | D:6      | Killed a two-headed ogre
  5250 | D:6      | Found a hide-covered altar of Uskayaw.
  5318 | D:6      | Found a burning altar of Makhleb.
  5594 | D:6      | Noticed Pikel
  5605 | D:6      | Killed Pikel
  5606 | D:6      | Reached skill level 6 in Fighting
  5606 | D:6      | Reached skill level 2 in Dodging
  5606 | D:6      | Reached XP level 10. HP: 98/98 MP: 9/9
  5855 | D:7      | Reached skill level 10 in Shapeshifting
  5915 | D:7      | Reached skill level 8 in Unarmed Combat
  6087 | D:7      | Found a white marble altar of Elyvilon.
  6088 | D:7      | Found a radiant altar of Vehumet.
  6089 | D:7      | Found an ornate altar of the Wu Jian Council.
  6091 | D:7      | Found a shadowy altar of Dithmenos.
  6443 | D:7      | Found a shimmering blue altar of Sif Muna.
  6623 | D:8      | Reached skill level 3 in Dodging
  6640 | D:8      | Reached skill level 4 in Dodging
  6739 | D:8      | Found a staircase to the Lair.
  6807 | D:8      | Reached skill level 11 in Shapeshifting
  6989 | D:8      | Reached XP level 11. HP: 97/107 MP: 10/10
  6993 | D:8      | Reached skill level 7 in Fighting
  7223 | D:8      | Found a stormy altar of Qazlal.
  7228 | D:8      | Became a worshipper of Qazlal Stormbringer
  7307 | D:9      | Found Fozaif's Distillery.
  7309 | D:9      | Noticed a two-headed ogre
  7320 | D:9      | Killed a two-headed ogre
  7630 | D:9      | Found a snail-covered altar of Cheibriados.
  7685 | D:9      | Found a runed translucent door.
  7685 | D:9      | Found a shimmering altar of Xom.
  7685 | D:9      | Noticed a +2 scimitar of chaos
  7685 | D:9      | Noticed timneilson's ghost (journeyman OpSh)
  7991 | D:9      | Paralysed by a hornet for 2 turns
  7997 | D:9      | Reached skill level 9 in Unarmed Combat
  8200 | D:10     | Entered Level 10 of the Dungeon
  8258 | D:10     | Noticed Fannar
  8283 | D:10     | Killed Fannar
  8294 | D:10     | Reached skill level 12 in Shapeshifting
  8367 | D:10     | Noticed Erica
  8383 | D:10     | Killed Erica
  8384 | D:10     | Reached skill level 1 in Invocations
  8532 | D:9      | Reached * piety under Qazlal
  8600 | D:10     | Reached skill level 2 in Invocations
  8612 | D:10     | Noticed Psyche
  8612 | D:10     | Noticed Josephine
  8736 | D:9      | Killed Josephine
  8751 | D:10     | Killed Psyche
  8921 | D:10     | Paralysed by a hornet for 1 turns
  8924 | D:10     | Reached skill level 3 in Invocations
  9126 | D:10     | Reached ** piety under Qazlal
  9290 | D:10     | Found Lues's Jewellery Shoppe.
  9374 | D:10     | Found a staircase to the Orcish Mines.
  9387 | Orc:1    | Entered Level 1 of the Orcish Mines
  9494 | Orc:2    | Entered Level 2 of the Orcish Mines
  9522 | Orc:1    | HP: 27/109 [orc warrior/+0 long sword (7)]
  9621 | Orc:2    | Noticed an orc knight
  9863 | D:9      | HP: 8/106 [+2 scimitar of chaos (22)]
 10035 | Lair:1   | Entered Level 1 of the Lair of Beasts
 10049 | Lair:1   | Reached skill level 4 in Invocations
 10055 | Lair:1   | HP: 18/109 [blink frog (13)]
 10062 | Lair:1   | Reached XP level 12. HP: 47/118 MP: 5/14
 10411 | Lair:1   | Reached skill level 10 in Unarmed Combat
 10413 | Lair:1   | Reached skill level 5 in Invocations
 10413 | Lair:1   | Reached skill level 13 in Shapeshifting
 11101 | Lair:1   | Found a radiant altar of Vehumet.
 11786 | Lair:2   | Noticed an eleionoma
 11803 | Lair:2   | Killed an eleionoma
 11830 | Lair:2   | Found a staircase to the Swamp.
 11865 | Lair:2   | Identified the +2 falchion of Raudeden {protect, Str+3}
 12047 | Lair:2   | You fall into a shaft and drop 2 floors!
 12093 | Lair:3   | Found a transporter.
 12119 | Lair:3   | Reached skill level 6 in Invocations
 12453 | Lair:3   | Found a staircase to the Snake Pit.
 12533 | Lair:3   | Reached *** piety under Qazlal
 12572 | Lair:3   | Reached skill level 7 in Invocations
 12836 | Lair:3   | Found a transporter.
 13245 | Lair:3   | HP: 28/118 [swamp worm/harpoon shot (3)]
 13246 | Lair:3   | HP: 6/118 [briar patch collision (16)]
 13246 | Lair:3   | Killed from afar by a swamp worm

Illustrated notes

Levels and vault maps discovered:
D:1:      dpeg_arrival_snail, layout_basic, minmay_misc_feat_five
D:2:      layout_loops_corners, skrybe_limestone_x, kennysheep_generic_room_10
D:3:      layout_loops_cross, mainiacjoe_overflow_alcove_2,
          dk_yredelemnul_ordeal, mainiacjoe_overflow_tiny_flanked,
          nicolae_overflow_ecumenical_swirl, hellmonk_ecumenical_altar_run_dry,
          ebering_ghost_inner_flame, minmay_pentangle, uniq_ijyb
D:4:      layout_basic
D:5:      layout_layer_cave, nicolae_gozag_cash_rules_everything_around_me,
          mainiacjoe_overflow_concentric_impassable,
          minmay_temple_entry_statues_pillars, enter_ossuary_4,
          nicolae_wooded_promenade, nicolae_titane, uniq_eustachio,
          uniq_grinder, uniq_edmund, uniq_blork_the_orc
D:6:      layout_loops_ring, mainiacjoe_overflow_surrounded_room,
          lemuel_coloured_pillars_altar, lightli_temple_of_fire, uniq_jeremiah,
          uniq_pikel
D:7:      layout_basic, grunt_temple_overflow_open,
          nicolae_overflow_hidden_temple
D:8:      layout_rooms, lemuel_doored_altar, minmay_lair_entry_grove,
          minmay_stone_trees_small, nrook_loot_triangle, fungi_pond_lemuel
D:9:      layout_long_grid, kennysheep_slug_shrine, serial_shops,
          nicolae_shop_crystal, ebering_ghost_xom, minivault_1, minivault_26
D:10:     layout_roguey, erik_orc_2, serial_shops, kennysheep_little_box,
          serial_glass, glass_columns_c, glass_columns_a, item_on_display_a,
          uniq_psyche, uniq_fannar, uniq_josephine, uniq_erica
Temple:   nicolae_temple_bog_church
Lair:1:   layout_layer_cave, nicolae_volcano_entry_hallway, basic_altar
Lair:2:   layout_regular_city, alex1729_swamp_entry_worm_eleionoma,
          infiniplex_staircase_pool_2, serial_bayou_shore_b
Lair:3:   gammafunk_worm_tunnel, layout_chaotic_city,
          alex1729_snake_entry_snake, worms_lemuel, grunt_megastairs_4,
          lemuel_fruit_tree
Lair:4:   layout_misc_corridors, serial_bayou_shore_b
Orc:1:    layout_caves, mines3_lemuel
Orc:2:    st_orc_town, layout_caves, serial_shops,
          nicolae_shop_tiny_real_fake_doors

Skill      XL: |  1  2  3  4  5  6  7  8  9 10 11 12 |
---------------+-------------------------------------+-----
Fighting       | 1 2 3 4 6 7 |  7.6
Unarmed Combat | 4 5 6 7 8 9 10 | 10.7
Shapeshifting  | 4 5 6 8 9 11 12 13 | 13.8
Dodging        | 2 4 |  4.0
Invocations    | 4 7 |  7.2

Action                     |  1- 3 |  4- 6 |  7- 9 | 10-12 || total
---------------------------+-------+-------+-------+-------++-------
  Melee: Unarmed           |   106 |    58 |   212 |   652 ||  1028
         Punch             |     2 |     1 |     6 |     3 ||    12
 Invoke: Upheaval          |       |       |       |     3 ||     3
  Evoke: Wand              |       |     2 |       |       ||     2
    Use: Scroll            |       |       |       |    15 ||    15
         Potion            |       |       |       |     3 ||     3
   Stab: Sleeping          |       |       |     1 |       ||     1
 Armour: Animal skin       |    47 |    35 |       |       ||    82
         Robe              |       |     3 |   158 |   558 ||   719
  Dodge: Dodged            |    36 |    17 |    99 |   357 ||   509
  Block: Other             |       |       |       |    63 ||    63
         Reflection        |       |       |       |     1 ||     1
   Form: Flux              |       |       |       |     1 ||     1
         Blade             |       |       |       |     1 ||     1

Table legend: (Time is in decaauts)
 A = Elapsed time spent in this place.
 B = Non-inter-level travel time spent in this place.
 C = Inter-level travel time spent in this place.
 D = Time resting spent in this place.
 E = Time spent auto-exploring this place.
 F = Levels seen in this place.
 G = Mean time per level.
                   A        B        C        D        E       F      G
               +--------+--------+--------+--------+--------+-----+--------+
         Total |  13108 |  12668 |    440 |    667 |   9482 |  18 |  728.2 |
       Dungeon |   9322 |   8953 |    369 |    453 |   6768 |  10 |  932.2 |
        Temple |     11 |     11 |      0 |      0 |      0 |   1 |   11.0 |
          Lair |   3101 |   3046 |     55 |    138 |   2415 |   4 |  775.2 |
  Orcish Mines |    282 |    266 |     16 |     76 |     76 |   2 |  141.0 |
       Ossuary |    390 |    390 |      0 |      0 |    223 |   1 |  390.0 |
               +--------+--------+--------+--------+--------+-----+--------+

Top non-repeatable levels by time:
  Lair:1: 1325 daAuts
     D:5: 1322 daAuts
     D:9: 1270 daAuts
    D:10: 1138 daAuts
     D:3: 1008 daAuts
  Lair:3: 976 daAuts
     D:6: 932 daAuts
     D:2: 850 daAuts
     D:8: 794 daAuts
     D:7: 778 daAuts
  Lair:2: 753 daAuts
     D:4: 663 daAuts
     D:1: 563 daAuts
 Ossuary: 390 daAuts
   Orc:1: 269 daAuts

Levels and vault maps discovered:
D:1:      dpeg_arrival_snail, layout_basic, minmay_misc_feat_five
D:2:      layout_loops_corners, skrybe_limestone_x, kennysheep_generic_room_10
D:3:      layout_loops_cross, mainiacjoe_overflow_alcove_2,
          dk_yredelemnul_ordeal, mainiacjoe_overflow_tiny_flanked,
          nicolae_overflow_ecumenical_swirl, hellmonk_ecumenical_altar_run_dry,
          ebering_ghost_inner_flame, minmay_pentangle, uniq_ijyb
D:4:      layout_basic
D:5:      layout_layer_cave, nicolae_gozag_cash_rules_everything_around_me,
          mainiacjoe_overflow_concentric_impassable,
          minmay_temple_entry_statues_pillars, enter_ossuary_4,
          nicolae_wooded_promenade, nicolae_titane, uniq_eustachio,
          uniq_grinder, uniq_edmund, uniq_blork_the_orc
D:6:      layout_loops_ring, mainiacjoe_overflow_surrounded_room,
          lemuel_coloured_pillars_altar, lightli_temple_of_fire, uniq_jeremiah,
          uniq_pikel
D:7:      layout_basic, grunt_temple_overflow_open,
          nicolae_overflow_hidden_temple
D:8:      layout_rooms, lemuel_doored_altar, minmay_lair_entry_grove,
          minmay_stone_trees_small, nrook_loot_triangle, fungi_pond_lemuel
D:9:      layout_long_grid, kennysheep_slug_shrine, serial_shops,
          nicolae_shop_crystal, ebering_ghost_xom, minivault_1, minivault_26
D:10:     layout_roguey, erik_orc_2, serial_shops, kennysheep_little_box,
          serial_glass, glass_columns_c, glass_columns_a, item_on_display_a,
          uniq_psyche, uniq_fannar, uniq_josephine, uniq_erica
Temple:   nicolae_temple_bog_church
Lair:1:   layout_layer_cave, nicolae_volcano_entry_hallway, basic_altar
Lair:2:   layout_regular_city, alex1729_swamp_entry_worm_eleionoma,
          infiniplex_staircase_pool_2, serial_bayou_shore_b
Lair:3:   gammafunk_worm_tunnel, layout_chaotic_city,
          alex1729_snake_entry_snake, worms_lemuel, grunt_megastairs_4,
          lemuel_fruit_tree
Lair:4:   layout_misc_corridors, serial_bayou_shore_b
Orc:1:    layout_caves, mines3_lemuel
Orc:2:    st_orc_town, layout_caves, serial_shops,
          nicolae_shop_tiny_real_fake_doors

Table legend: (Time is in decaauts)
 A = Elapsed time spent in this place.
 B = Non-inter-level travel time spent in this place.
 C = Inter-level travel time spent in this place.
 D = Time resting spent in this place.
 E = Time spent auto-exploring this place.
 F = Levels seen in this place.
 G = Mean time per level.
                   A        B        C        D        E       F      G
               +--------+--------+--------+--------+--------+-----+--------+
         Total |  13108 |  12668 |    440 |    667 |   9482 |  18 |  728.2 |
       Dungeon |   9322 |   8953 |    369 |    453 |   6768 |  10 |  932.2 |
        Temple |     11 |     11 |      0 |      0 |      0 |   1 |   11.0 |
          Lair |   3101 |   3046 |     55 |    138 |   2415 |   4 |  775.2 |
  Orcish Mines |    282 |    266 |     16 |     76 |     76 |   2 |  141.0 |
       Ossuary |    390 |    390 |      0 |      0 |    223 |   1 |  390.0 |
               +--------+--------+--------+--------+--------+-----+--------+

Top non-repeatable levels by time:
  Lair:1: 1325 daAuts
     D:5: 1322 daAuts
     D:9: 1270 daAuts
    D:10: 1138 daAuts
     D:3: 1008 daAuts
  Lair:3: 976 daAuts
     D:6: 932 daAuts
     D:2: 850 daAuts
     D:8: 794 daAuts
     D:7: 778 daAuts
  Lair:2: 753 daAuts
     D:4: 663 daAuts
     D:1: 563 daAuts
 Ossuary: 390 daAuts
   Orc:1: 269 daAuts

Table legend:
 A = Kills in this place as a percentage of kills in the entire game.
 B = Kills by you in this place as a percentage of kills by you in the entire game.
 C = Kills by friends in this place as a percentage of kills by friends in the entire game.
 D = Other kills in this place as a percentage of other kills in the entire game.
 E = Experience gained in this place as a percentage of experience gained in the entire game.
 F = Experience gained in this place divided by the number of levels of this place that you have seen.
                   A       B       C       D       E      F
               +-------+-------+-------+-------+-------+----------------------
         Total | 100.0 | 100.0 |   N/A |   N/A | 100.0 | 1993.5
       Dungeon |  68.7 |  68.7 |   N/A |   N/A |  51.8 | 1858.7
          Lair |  17.5 |  17.5 |   N/A |   N/A |  43.6 | 3908.8
  Orcish Mines |   5.0 |   5.0 |   N/A |   N/A |   2.0 | 351.5
       Ossuary |   8.8 |   8.8 |   N/A |   N/A |   2.7 | 958.0
               +-------+-------+-------+-------+-------+----------------------
